 Dungeon Crawl Stone Soup version 0.19.0-19-g8c6edcc (webtiles) character file.

1015 Chiseanne the Caller (level 8, 0/46 HPs)
             Began as a Halfling Summoner on Nov 14, 2016.
             Was a Believer of Cheibriados.
             Slain by a sky beast (7 damage)
             ... on level 6 of the Dungeon.
             The game lasted 00:27:22 (7610 turns).

Chiseanne the Caller (Halfling Summoner)            Turns: 7610, Time: 00:27:22

Health: 0/46       AC:  6    Str: 14    XL:     8   Next: 45%
Magic:  2/14       EV: 17    Int: 20    God:    Cheibriados [**....]
Gold:   73         SH:  0    Dex: 20    Spells: 5 memorised, 2 levels left

rFire  x . .     SeeInvis .     a - +1 falchion
rCold  + . .     Gourm    .     d - +0 robe
rNeg   . . .     Faith    .     (shield restricted)
rPois  +         Spirit   .     (no helmet)
rElec  .         Reflect  .     (no cloak)
rCorr  .         Harm     +     o - +1 pair of gloves
MR     .....                    m - +1 pair of boots
Stlth  ++........               y - amulet of harm
                                h - ring of ice
                                e - ring of poison resistance

@: very slow
A: mutation resistance 1
a: Bend Time, Renounce Religion


You were on level 6 of the Dungeon.
You worshipped Cheibriados.
Cheibriados was pleased with you.
You were hungry.

You visited 1 branch of the dungeon, and saw 6 of its levels.

You collected 307 gold pieces.
You spent 234 gold pieces at shops.

Inventory:

Hand Weapons
 a - a +1 falchion (weapon)
 s - a +1 hand axe of chopping
 H - the +5 quarterstaff "Domomn" {crush, rPois rN+ Str+5 Int-4}
   (You bought it in a shop on level 6 of the Dungeon)

   It inflicts extra damage upon your enemies.
   It affects your strength (+5).
   It affects your intelligence (-4).
   It protects you from poison.
   It protects you from negative energy.
Missiles
 f - 200 stones (quivered)
 g - 194 arrows
 C - 2 throwing nets
 D - 29 sling bullets
Armour
 d - a +0 robe (worn)
 m - a +1 pair of boots (worn)
 o - a +1 pair of gloves (worn)
Jewellery
 e - a ring of poison resistance (left hand)
 h - a ring of ice (right hand)
 l - an uncursed amulet of the gourmand
 y - an amulet of harm (around neck)
 B - an uncursed amulet of rage {unknown}
Wands
 F - a wand of enslavement (3/24)
Scrolls
 i - 5 scrolls of remove curse
 k - 3 scrolls of blinking
 r - 2 scrolls of recharging
 x - 2 scrolls of teleportation
Potions
 j - a potion of agility {unknown}
 n - 4 potions of curing
 p - a potion of might {unknown}
 q - 2 potions of cancellation {unknown}
 t - a potion of flight {unknown}
 u - 4 potions of lignification {unknown}
 v - 2 potions of ambrosia {unknown}
 E - 2 potions of heal wounds {unknown}
Books
 b - a book of Callings

   Spells                             Type                      Level
   a - Summon Small Mammal            Summoning                    1
   b - Call Imp                       Summoning                    2
   c - Call Canine Familiar           Summoning                    3
   d - Summon Guardian Golem          Hexes/Summoning              3
   e - Summon Lightning Spire         Summoning/Air                4
   f - Summon Ice Beast               Ice/Summoning                4
Comestibles
 c - 5 bread rations
 w - a beef jerky
 A - a meat ration
 G - 3 chunks of flesh


   Skills:
 - Level 3.7 Dodging
 - Level 2.1 Stealth
 * Level 4.1 Spellcasting
 * Level 1.4 Hexes
 - Level 5.1 Summonings
 * Level 1.7 Ice Magic
 * Level 4.6 Invocations


You had 2 spell levels left.
You knew the following spells:

 Your Spells              Type           Power        Failure   Level  Hunger
a - Summon Small Mammal   Summ           ###.         1%          1    None
b - Call Imp              Summ           ###.....     2%          2    #......
c - Call Canine Familiar  Summ           ###.....     6%          3    ###....
d - Summon Guardian Gole  Hex/Summ       ###.....     12%         3    ###....
e - Summon Ice Beast      Ice/Summ       ####....     38%         4    ####...


Dungeon Overview and Level Annotations

Branches:
Dungeon (6/15)
 Temple: D:4-7

Altars:
Cheibriados

Shops:
D:6 (

Annotations:
D:6 Chiseanne's ghost, novice DEHu


Innate Abilities, Weirdness & Mutations

You are small and have problems with some larger weapons.
You are somewhat resistant to further mutation.


Message History

Confirm with . or Enter, or press ? or * to list all spells.
A guardian golem appears, shielding your allies.
You are feeling hungry.
The sky beast hits you but does no damage.
The sky beast misses you.
Your crimson imp blinks!
You hit the sky beast.
The sky beast is lightly wounded.
The sky beast barely misses you.
You hit the sky beast but do no damage.
The sky beast is lightly wounded.
Your crimson imp blinks!
The sky beast hits you. The sky beast shocks you.
Your crimson imp barely misses the orc warrior.
The sky beast hits you. The sky beast shocks you.
* * * LOW HITPOINT WARNING * * *
The sky beast hits you.
* * * LOW HITPOINT WARNING * * *
The sky beast shocks you.
You die...

.#+#...#.....# #..######
.#.#.#######.# #<.#
.#.#'#######.############.#
................5...........
<...............##.############..
................##.# ####...#.#
................##.### #........#
................>....# #........#
................@Y.### #........#
...............###o#####........#
...............# #85..o..........
....#..........# ######...∩.....#
... ##.......... .. #..........#
. #.........## #.....5or.##
#......5....


You could see an orc warrior, a sky beast and a friendly crimson imp.

Vanquished Creatures
  A crimson imp (D:5)
  A centaur skeleton (D:4)
  A hound (D:6)
  2 adders (D:2)
  2 dart slugs
  2 leopard geckos (D:2)
  6 bats
  2 giant cockroaches
  5 goblins
  7 hobgoblins
  2 kobolds (D:1)
  A quokka (D:5)
  3 frilled lizards
  A leopard gecko skeleton (D:4)
  4 rats
40 creatures vanquished.

Vanquished Creatures (collateral kills)
  Eustachio (D:4)
  Menkaure (D:5)
  A phantom (D:6)
  2 sky beasts (D:5)
  2 ogres
  A centaur (D:6)
  2 scorpions
  A howler monkey (D:6)
  2 crimson imps (D:5)
  A jelly (D:6)
  2 bullfrog skeletons
  2 orc priests (D:5)
  A hound (D:6)
  2 centaur skeletons (D:5)
  Natasha (thrice) (D:4)
  An iguana (D:4)
  An orc wizard (D:5)
  5 worker ants
  10 adders
  2 gnolls (D:3)
  2 shadow imps
  3 oozes
  An adder skeleton (D:4)
  A worm (D:2)
  3 dart slugs
  18 orcs
  3 giant cockroaches
  5 goblins
  5 hobgoblins
  2 jackals (D:5)
  5 bats
  A frilled lizard (D:2)
  7 kobolds
  A leopard gecko skeleton (D:5)
  2 rats (D:2)
102 creatures vanquished.

Grand Total: 142 creatures vanquished

Notes
Turn   | Place    | Note
-------+----------+-------------------------------------------
     0 | D:1      | Chiseanne the Halfling Summoner began the quest for the Orb.
     0 | D:1      | Reached XP level 1. HP: 11/11 MP: 3/3
   211 | D:1      | Reached XP level 2. HP: 16/17 MP: 2/4
   741 | D:1      | Reached XP level 3. HP: 17/21 MP: 1/5
   793 | D:1      | Learned a level 2 spell: Call Imp
  1536 | D:2      | Reached XP level 4. HP: 24/27 MP: 7/7
  2141 | D:2      | Learned a level 3 spell: Call Canine Familiar
  2288 | D:3      | Reached XP level 5. HP: 30/31 MP: 1/8
  2577 | D:3      | Reached skill level 4 in Summonings
  2936 | D:3      | Found a snail-covered altar of Cheibriados.
  3019 | D:3      | Became a worshipper of Cheibriados the Contemplative
  3339 | D:3      | Learned a level 3 spell: Summon Guardian Golem
  3445 | D:4      | Noticed an ogre
  3458 | D:4      | Killed an ogre
  3458 | D:4      | Reached skill level 1 in Invocations
  3458 | D:4      | Reached XP level 6. HP: 36/36 MP: 2/10
  3586 | D:4      | Noticed Natasha
  3592 | D:4      | Killed Natasha
  3712 | D:4      | Noticed Natasha
  3722 | D:4      | Killed Natasha
  3735 | D:4      | Noticed Natasha
  3756 | D:4      | Killed Natasha
  3842 | D:4      | Noticed Eustachio
  3880 | D:4      | Killed Eustachio
  3880 | D:4      | Reached * piety under Cheibriados
  4279 | D:4      | Reached XP level 7. HP: 21/41 MP: 3/11
  4585 | D:5      | Entered Level 5 of the Dungeon
  5073 | D:5      | Noticed Menkaure
  5082 | D:5      | Killed Menkaure
  5325 | D:5      | Reached skill level 5 in Summonings
  5390 | D:5      | Learned a level 4 spell: Summon Ice Beast
  6246 | D:6      | Reached XP level 8. HP: 32/46 MP: 1/13
  6269 | D:6      | Reached ** piety under Cheibriados
  6321 | D:6      | Noticed Chiseanne's ghost (novice DEHu)
  6412 | D:6      | Found Osinits's Antique Weapon Shop.
  7321 | D:6      | Reached skill level 1 in Hexes
  7321 | D:6      | Reached skill level 1 in Ice Magic
  7585 | D:6      | Bought a brightly glowing quarterstaff for 234 gold pieces
  7585 | D:6      | Identified the +5 quarterstaff "Domomn" {crush, rPois rN+ Str+5 Int-4} (You bought it in a shop on level 6 of the Dungeon)
  7610 | D:6      | Slain by a sky beast

Skill      XL: |  1  2  3  4  5  6  7  8 |
---------------+-------------------------+-----
Dodging        | 3 |  3.7
Spellcasting   | 2 3 4 |  4.1
Summonings     | 4 5 |  5.1
Invocations    | 1 2 4 |  4.6
Hexes          | 1 |  1.4
Ice Magic      | 1 |  1.7
Stealth        | |  2.1

Action                   |  1- 3 |  4- 6 |  7- 9 || total
-------------------------+-------+-------+-------++-------
Melee: Mace              |    76 |       |       ||    76
       Rapier            |     6 |    42 |       ||    48
       Falchion          |       |     7 |    18 ||    25
 Cast: Summon Small Mamm |    23 |    64 |    35 ||   122
       Call Imp          |     4 |    21 |    54 ||    79
       Call Canine Famil |       |    21 |    29 ||    50
       Summon Guardian G |       |       |     2 ||     2
Invok: Bend Time         |       |       |     2 ||     2
Evoke: Wand              |       |       |     4 ||     4
  Use: Scroll            |     5 |     6 |     2 ||    13
       Potion            |       |     2 |     1 ||     3
 Stab: Sleeping          |     9 |     5 |       ||    14
       Distracted        |     1 |       |       ||     1
  Eat: Chunk             |    15 |     7 |     2 ||    24
       Pizza             |       |       |     1 ||     1
       Beef jerky        |       |       |     1 ||     1
Armor: Robe              |    21 |    19 |    13 ||    53
Dodge: Dodged            |    91 |    86 |    40 ||   217
       Rpst.: Falchion   |       |     6 |     9 ||    15
